Map: Dasan Station LE

Players

VanDraken - Winner!

  • Race: Protoss Protoss
  • League: Master

Stalker

  • Race: Protoss Protoss
  • League: Diamond

VOD

Have the link to the VOD?

Description

Time

  • Played on: Sept. 12, 2016, 2:20 p.m.
  • Length: 11:53
Show
View Real Time Build Order
Export as new Build Order

VanDraken Protoss - Winner!

Build Orders:  

Get SALT Encoding   

  12  0:01  Probe (Chrono Boost)  
  13  0:11  Probe (Chrono Boost)  
  14  0:19  Pylon  
  14  0:22  Probe (Chrono Boost)  
  15  0:37  Probe (Chrono Boost)  
  15  0:41  Gateway  
  16  0:48  Probe (Chrono Boost)  
  16  0:49  Assimilator  
  17  0:55  Gateway  
  17  0:59  Probe (Chrono Boost)  
  18  1:09  Probe (Chrono Boost)  
  19  1:20  Probe (Chrono Boost), Pylon  
  19  1:22  Assimilator  
  20  1:30  Probe (Chrono Boost)  
  21  1:36  Cybernetics Core  
  21  1:41  Probe (Chrono Boost)  
  22  1:51  Probe (Chrono Boost)  
  23  2:08  Stalker  
  23  2:12  Stalker  
  27  2:21  Mothership Core (Chrono Boost)  
  29  2:23  Warp Gate  
  29  2:34  Stalker  
  31  2:53  Nexus, Pylon  
  31  3:11  Stalker x2  
  35  3:29  Probe (Chrono Boost)  
  35  3:32  Stargate  
  36  3:43  Pylon  
  36  3:52  Probe (Chrono Boost)  
  37  4:04  Probe (Chrono Boost)  
  38  4:11  Oracle  
  38  4:12  Probe (Chrono Boost)  
  38  4:16  Probe (Chrono Boost)  
  43  4:22  Probe (Chrono Boost)  
  44  4:26  Robotics Facility  
  44  4:28  Probe (Chrono Boost)  
  45  4:33  Probe (Chrono Boost)  
  46  4:41  Probe (Chrono Boost)  
  46  4:43  Probe (Chrono Boost)  
  46  4:44  Phoenix  
  51  4:53  Probe (Chrono Boost)  
  51  4:54  Probe (Chrono Boost), Pylon  
  52  5:02  Assimilator  
  52  5:04  Probe (Chrono Boost)  
  52  5:05  Probe (Chrono Boost), Stargate, Phoenix  
  56  5:15  Probe (Chrono Boost)  
  56  5:17  Probe (Chrono Boost)  
  58  5:25  Probe (Chrono Boost)  
  58  5:28  Phoenix  
  62  5:36  Probe x2 (Chrono Boost)  
  62  5:40  Assimilator  
  62  5:42  Pylon  
  63  5:44  Gateway  
  63  5:45  Gateway  
  63  5:46  Observer  
  64  5:50  Phoenix  
  64  5:53  Probe x2 (Chrono Boost)  
  70  6:05  Probe x2 (Chrono Boost)  
  70  6:09  Phoenix  
  72  6:11  Phoenix  
  74  6:23  Immortal  
  75  6:33  Gateway  
  75  6:37  Gateway  
  75  6:40  Nexus  
  75  6:52  Phoenix  
  75  6:58  Pylon  
  77  7:01  Pylon  
  77  7:11  Immortal  
  77  7:16  Phoenix x2  
  85  7:23  Pylon  
  85  7:26  Pylon  
  85  7:32  Pylon  
  85  7:41  Phoenix  
  87  7:46  Immortal  
  91  7:53  Forge  
  91  7:56  Forge  
  91  7:57  Adept x4  
  99  8:02  Probe (Chrono Boost)  
  99  8:04  Probe (Chrono Boost)  
  99  8:05  Probe (Chrono Boost)  
  103  8:14  Probe x2 (Chrono Boost)  
  103  8:20  Probe (Chrono Boost), Immortal  
  103  8:22  Assimilator  
  103  8:23  Assimilator  
  103  8:26  Probe (Chrono Boost)  
  108  8:28  Twilight Council  
  108  8:30  Adept x3  
  114  8:34  Protoss Ground Weapons Level 1, Protoss Ground Armor Level 1  
  114  8:44  Pylon  
  114  8:45  Adept x3  
  120  8:51  Probe (Chrono Boost)  
  121  9:00  Blink  
  121  9:03  Stalker x2, Immortal  
  121  9:04  Stalker  
  131  9:15  Sentry x2  
  131  9:16  Zealot  
  137  9:18  Pylon  
  137  9:21  Pylon  
  137  9:23  Pylon  
  131  9:40  Immortal  
  131  9:41  Sentry x2  
  131  9:44  Probe (Chrono Boost)  
  136  9:57  Probe (Chrono Boost)  
  135  10:08  Stalker x2  
  135  10:09  Stalker x4  
  147  10:14  Immortal  
  147  10:20  Pylon  
  151  10:25  Nexus  
  151  10:38  Pylon  
  151  10:39  Pylon x2, Phoenix x2  
  155  10:45  Phoenix  
  153  10:50  Immortal  
  157  11:00  Pylon  
  157  11:01  Probe (Chrono Boost)  
  157  11:02  Templar Archives  
  157  11:03  Assimilator  
  157  11:04  Phoenix x2  
  162  11:15  Pylon  
  162  11:27  Stalker  
  162  11:28  Stalker x4  
  162  11:29  Stalker  
Show
View Real Time Build Order
Export as new Build Order

Stalker Protoss 

Build Orders:  

Get SALT Encoding   

  12  0:01  Probe (Chrono Boost)  
  13  0:12  Probe (Chrono Boost)  
  14  0:18  Pylon  
  14  0:22  Probe (Chrono Boost)  
  15  0:36  Probe (Chrono Boost)  
  15  0:37  Gateway  
  16  0:46  Probe (Chrono Boost)  
  16  0:47  Assimilator  
  17  0:53  Assimilator  
  17  0:57  Probe (Chrono Boost)  
  18  1:07  Gateway  
  18  1:11  Probe (Chrono Boost)  
  19  1:21  Probe (Chrono Boost)  
  20  1:26  Cybernetics Core  
  20  1:33  Pylon  
  20  1:37  Probe (Chrono Boost)  
  21  1:48  Probe (Chrono Boost)  
  21  1:53  Pylon  
  23  2:02  Stalker  
  23  2:06  Stalker  
  26  2:15  Warp Gate  
  26  2:19  Stargate  
  26  2:29  Pylon  
  26  2:34  Probe (Chrono Boost)  
  27  2:44  Stalker  
  30  2:52  Probe (Chrono Boost)  
  35  3:20  Stalker  
  35  3:36  Mothership Core (Chrono Boost)  
  35  3:39  Nexus  
  33  3:51  Pylon  
  34  3:55  Probe (Chrono Boost)  
  34  3:58  Gateway  
  36  4:15  Robotics Facility  
  33  4:17  Probe (Chrono Boost)  
  33  4:20  Stalker  
  33  4:23  Pylon  
  35  4:24  Sentry  
  35  4:27  Probe (Chrono Boost)  
  38  4:38  Probe (Chrono Boost)  
  39  4:43  Pylon  
  39  4:49  Probe (Chrono Boost), Stalker  
  39  4:50  Sentry  
  44  4:54  Probe (Chrono Boost)  
  45  5:02  Observer  
  45  5:05  Probe x2 (Chrono Boost)  
  48  5:11  Twilight Council  
  42  5:25  Stalker x2  
  46  5:30  Probe x2 (Chrono Boost)  
  47  5:41  Probe (Chrono Boost)  
  47  5:42  Probe (Chrono Boost)  
  49  5:51  Immortal  
  49  5:54  Probe (Chrono Boost)  
  54  5:58  Probe (Chrono Boost)  
  55  6:04  Sentry x2  
  55  6:08  Adept  
  55  6:10  Probe (Chrono Boost)  
  62  6:15  Probe (Chrono Boost)  
  62  6:18  Blink  
  63  6:20  Probe (Chrono Boost)  
  64  6:26  Probe (Chrono Boost)  
  64  6:32  Probe (Chrono Boost)  
  66  6:36  Probe (Chrono Boost)  
  67  6:44  Probe (Chrono Boost)  
  69  6:47  Probe (Chrono Boost), Pylon  
  66  6:54  Stalker x2  
  66  6:56  Probe (Chrono Boost)  
  66  6:57  Probe (Chrono Boost)  
  72  7:06  Gateway  
  72  7:07  Forge  
  71  7:14  Probe (Chrono Boost)  
  69  7:16  Probe (Chrono Boost)  
  69  7:20  Assimilator  
  69  7:25  Assimilator, Stalker  
  69  7:26  Stalker  
  69  7:29  Probe x2 (Chrono Boost)  
  75  7:37  Gateway  
  75  7:41  Probe (Chrono Boost)  
  74  7:44  Probe (Chrono Boost)  
  74  7:53  Probe (Chrono Boost)  
  74  7:54  Gateway  
  74  7:56  Probe (Chrono Boost)  
  76  8:01  Photon Cannon  
  76  8:02  Stalker  
  78  8:06  Stalker  
  78  8:10  Probe x2 (Chrono Boost)  
  80  8:22  Stalker  
  80  8:23  Probe (Chrono Boost)  
  80  8:24  Stalker  
  85  8:35  Pylon  
  85  8:38  Photon Cannon  
  85  8:43  Probe (Chrono Boost)  
  85  8:48  Photon Cannon  
  86  8:53  Probe (Chrono Boost)  
  86  8:54  Photon Cannon  
  87  9:00  Stalker  
  89  9:04  Probe (Chrono Boost)  
  89  9:05  Probe (Chrono Boost)  
  89  9:08  Stalker  
  93  9:15  Probe (Chrono Boost)  
  94  9:18  Pylon  
  94  9:20  Pylon  
  94  9:38  Probe (Chrono Boost), Stalker x2  
  95  9:39  Stalker x2  
  95  9:44  Probe (Chrono Boost)  
  104  9:50  Probe (Chrono Boost)  
  99  9:55  Protoss Ground Weapons Level 1, Probe (Chrono Boost)  
  100  10:02  Probe (Chrono Boost)  
  100  10:03  Sentry x2, Stalker  
  100  10:04  Sentry  
  109  10:11  Pylon  
  109  10:16  Probe (Chrono Boost)  
  110  10:25  Templar Archives  
  110  10:28  Probe (Chrono Boost)  
  110  10:39  Stalker x3  
  110  10:41  Sentry  
  118  11:09  Nexus  
  118  11:15  Pylon  
  118  11:17  Pylon  
  118  11:20  Pylon  
  118  11:21  Pylon  
  118  11:35  Probe (Chrono Boost)  
Tags
 
Add a new tag
Caveats
  • Supply blocks, unpowered buildings, or Contaminate may cause inaccurate times.
  • Supply counts are checked every 10 seconds.